2099 views
Uploaded 2023-08-24 23:15:47
Game version 1.36 (6115)
21:27 long 4on4 ladder game on (8)PaintedWorld_S2
Saved by DKnight
2099 views
Uploaded 2023-08-24 23:15:47
Game version 1.36 (6115)
21:27 long 4on4 ladder game on (8)PaintedWorld_S2


134 units @ 20.7k
/ 3.6k
79 buildings @ 11.3k
/ 4.9k


| Lesser Clarity Potion | 3 | 210 |
| Scroll of Regeneration | 4 | 400 |
| Potion of Mana | 3 | 600 |
| Potion of Healing | 5 | 750 |
| Scroll of Healing | 2 | 500 |
| Scroll of Town Portal | 3 | 1050 |
| Boots of Speed | 2 | 500 |
| Scroll of Protection | 1 | 150 |
| Potion of Lesser Invulnerability | 1 | 150 |
| Runed Bracers | 1 | 400 |
| total: | 25 | 4710g |
| Peasant | 13 | 975 | / | 0 |
| Rifleman | 9 | 1845 | / | 270 |
| Gryphon Rider | 7 | 1960 | / | 490 |
| total: | 29 | 4780g | / | 760w |
| Scout Tower | 4 | 120 | / | 80 |
| Arcane Tower | 1 | 70 | / | 50 |
| Guard Tower | 2 | 140 | / | 100 |
| Blacksmith | 1 | 140 | / | 60 |
| Altar of Kings | 1 | 180 | / | 50 |
| Barracks | 1 | 160 | / | 60 |
| Farm | 8 | 640 | / | 160 |
| Town Hall | 1 | 385 | / | 205 |
| Lumber Mill | 1 | 120 | / | 0 |
| Arcane Vault | 1 | 130 | / | 30 |
| Gryphon Aviary | 3 | 420 | / | 450 |
| Keep | 1 | 320 | / | 210 |
| Castle | 1 | 360 | / | 210 |
| total: | 21 | 2295g | / | 1095w |
| 0:03 | Peasant |
| 0:03 | Peasant |
| 0:16 | Peasant |
| 0:29 | Blacksmith |
| 0:33 | Peasant |
| 0:48 | Altar of Kings |
| 0:51 | Barracks |
| 0:53 | Peasant |
| 1:05 | Farm |
| 1:08 | Peasant |
| 1:23 | Peasant |
| 1:36 | Farm |
| 1:57 | Farm |
| 2:04 | Farm |
| 2:08 | Peasant |
| 2:22 | Rifleman |
| 2:47 | Rifleman |
| 2:53 | Storm Bolt |
| 3:21 | Rifleman |
| 3:22 | Peasant |
| 4:04 | Keep |
| 4:43 | Town Hall |
| 5:08 | Bash |
| 5:44 | Rifleman |
| 5:55 | Boots of Speed |
| 6:01 | Storm Bolt |
| 6:20 | Rifleman |
| 6:26 | Scout Tower |
| 6:28 | Farm |
| 6:29 | Farm |
| 6:30 | Scout Tower |
| 7:13 | Rifleman |
| 7:13 | Rifleman |
| 7:15 | Castle |
| 7:20 | Arcane Tower |
| 7:22 | Lumber Mill |
| 8:19 | Runed Bracers |
| 8:30 | Guard Tower |
| 8:34 | Arcane Vault |
| 8:38 | Long Rifles |
| 8:38 | Rifleman |
| 8:39 | Rifleman |
| 9:15 | Lesser Clarity Potion |
| 9:17 | Scroll of Regeneration |
| 9:18 | Potion of Mana |
| 9:20 | Potion of Healing |
| 9:30 | Improved Lumber Harvesting |
| 9:38 | Black Gunpowder |
| 10:26 | Bash |
| 10:29 | Siphon Mana |
| 10:39 | Peasant |
| 10:39 | Peasant |
| 10:40 | Scout Tower |
| 10:41 | Scout Tower |
| 10:46 | Scroll of Healing |
| 10:49 | Scroll of Healing |
| 10:50 | Scroll of Protection |
| 10:58 | Boots of Speed |
| 10:59 | Potion of Lesser Invulnerability |
| 12:01 | Banish |
| 12:05 | Guard Tower |
| 12:10 | Animal War Training |
| 12:19 | Gryphon Aviary |
| 12:21 | Gryphon Aviary |
| 12:25 | Scroll of Regeneration |
| 12:28 | Scroll of Town Portal |
| 12:31 | Scroll of Regeneration |
| 12:35 | Potion of Healing |
| 12:43 | Gryphon Aviary |
| 12:46 | Advanced Lumber Harvesting |
| 13:32 | Potion of Healing |
| 13:33 | Potion of Mana |
| 13:53 | Gryphon Rider |
| 13:57 | Peasant |
| 13:57 | Peasant |
| 14:34 | Storm Hammers |
| 15:51 | Gryphon Rider |
| 15:53 | Farm |
| 15:53 | Farm |
| 16:39 | Iron Forged Swords |
| 16:39 | Studded Leather Armor |
| 17:03 | Gryphon Rider |
| 17:19 | Gryphon Rider |
| 17:55 | Lesser Clarity Potion |
| 17:55 | Scroll of Regeneration |
| 17:57 | Potion of Healing |
| 17:57 | Potion of Mana |
| 17:59 | Scroll of Town Portal |
| 17:59 | Scroll of Town Portal |
| 19:22 | Gryphon Rider |
| 19:22 | Gryphon Rider |
| 19:22 | Gryphon Rider |
| 19:25 | Potion of Healing |
| 19:27 | Lesser Clarity Potion |
| 20:20 | Siphon Mana |
| Right click | 1647 |
| Select | 526 |
| Select group | 443 |
| Build/train/purchase | 99 |
| Use ability | 57 |
| Assign group | 53 |
| Misc. action | 14 |
| Item give/drop | 5 |
| Esc | 2 |
| Minimap ping | 2 |


| Potion of Healing | 2 | 300 |
| Lesser Clarity Potion | 2 | 140 |
| Scroll of Regeneration | 3 | 300 |
| Potion of Mana | 1 | 200 |
| Orb of Fire | 2 | 650 |
| Scroll of Town Portal | 4 | 1400 |
| Boots of Speed | 2 | 500 |
| total: | 16 | 3490g |
| Peasant | 9 | 675 | / | 0 |
| Footman | 5 | 675 | / | 0 |
| Rifleman | 15 | 3075 | / | 450 |
| Flying Machine | 1 | 100 | / | 30 |
| Mortar Team | 1 | 180 | / | 70 |
| total: | 31 | 4705g | / | 550w |
| Farm | 9 | 720 | / | 180 |
| Altar of Kings | 1 | 180 | / | 50 |
| Barracks | 1 | 160 | / | 60 |
| Blacksmith | 1 | 140 | / | 60 |
| Arcane Vault | 1 | 130 | / | 30 |
| Lumber Mill | 1 | 120 | / | 0 |
| Workshop | 2 | 280 | / | 280 |
| Keep | 1 | 320 | / | 210 |
| Castle | 1 | 360 | / | 210 |
| Nerubian Tower | 2 | 200 | / | 40 |
| Spirit Tower | 1 | 145 | / | 40 |
| total: | 16 | 1730g | / | 660w |
| 0:02 | Peasant |
| 0:02 | Peasant |
| 0:03 | Peasant |
| 0:03 | Peasant |
| 0:15 | Farm |
| 0:22 | Altar of Kings |
| 0:37 | Barracks |
| 0:40 | Peasant |
| 0:55 | Farm |
| 1:05 | Peasant |
| 1:18 | Peasant |
| 1:42 | Footman |
| 1:46 | Footman |
| 1:56 | Blacksmith |
| 2:00 | Peasant |
| 2:11 | Footman |
| 2:17 | Peasant |
| 2:42 | Farm |
| 2:55 | Holy Light |
| 3:01 | Footman |
| 3:04 | Farm |
| 3:18 | Farm |
| 3:36 | Footman |
| 3:55 | Keep |
| 4:12 | Farm |
| 4:45 | Divine Shield |
| 4:54 | Boots of Speed |
| 5:12 | Rifleman |
| 5:13 | Rifleman |
| 6:00 | Holy Light |
| 6:21 | Farm |
| 6:23 | Rifleman |
| 6:23 | Rifleman |
| 6:57 | Arcane Vault |
| 7:07 | Scroll of Town Portal |
| 7:07 | Potion of Healing |
| 7:11 | Lesser Clarity Potion |
| 7:17 | Rifleman |
| 7:19 | Farm |
| 8:06 | Farm |
| 10:10 | Rifleman |
| 10:12 | Castle |
| 10:27 | Divine Shield |
| 10:39 | Lumber Mill |
| 10:54 | Rifleman |
| 10:54 | Rifleman |
| 11:02 | Scroll of Regeneration |
| 11:05 | Lesser Clarity Potion |
| 11:07 | Potion of Mana |
| 11:12 | Long Rifles |
| 11:24 | Storm Bolt |
| 11:32 | Black Gunpowder |
| 11:33 | Studded Leather Armor |
| 11:45 | Improved Masonry |
| 12:36 | Scroll of Town Portal |
| 12:38 | Orb of Fire |
| 12:45 | Rifleman |
| 12:48 | Advanced Masonry |
| 13:00 | Boots of Speed |
| 13:59 | Refined Gunpowder |
| 14:06 | Reinforced Leather Armor |
| 14:13 | Workshop |
| 14:13 | Workshop |
| 14:25 | Bash |
| 16:37 | Scroll of Regeneration |
| 16:40 | Scroll of Town Portal |
| 16:43 | Flak Cannons |
| 16:43 | Flying Machine Bombs |
| 17:05 | Orb of Fire |
| 17:09 | Rifleman |
| 17:28 | Flying Machine |
| 17:32 | Imbued Gunpowder |
| 18:17 | Rifleman |
| 19:00 | Nerubian Tower |
| 19:30 | Nerubian Tower |
| 19:41 | Holy Light |
| 19:48 | Scroll of Town Portal |
| 19:50 | Rifleman |
| 19:59 | Spirit Tower |
| 20:12 | Thunder Clap |
| 20:25 | Rifleman |
| 20:43 | Rifleman |
| 20:45 | Dragonhide Armor |
| 20:48 | Mortar Team |
| 20:50 | Potion of Healing |
| 20:51 | Scroll of Regeneration |
| 21:03 | Imbued Masonry |
| 21:06 | Rifleman |
| Right click | 931 |
| Select group | 301 |
| Select | 227 |
| Build/train/purchase | 84 |
| Misc. action | 48 |
| Use ability | 36 |
| Assign group | 25 |
| Item give/drop | 3 |



| Rod of Necromancy | 2 | 300 |
| Ritual Dagger | 1 | 125 |
| Sacrificial Skull | 2 | 100 |
| Orb of Corruption | 1 | 375 |
| Alleria's Flute of Accuracy | 1 | 400 |
| total: | 7 | 1300g |
| Acolyte | 15 | 1125 | / | 0 |
| Ghoul | 4 | 480 | / | 0 |
| Crypt Fiend | 9 | 1935 | / | 360 |
| Obsidian Statue | 4 | 800 | / | 140 |
| Banshee | 4 | 620 | / | 120 |
| total: | 36 | 4960g | / | 620w |
| Nerubian Tower | 1 | 100 | / | 20 |
| Spirit Tower | 6 | 870 | / | 240 |
| Crypt | 1 | 200 | / | 50 |
| Graveyard | 1 | 215 | / | 0 |
| Altar of Darkness | 1 | 180 | / | 50 |
| Ziggurat | 15 | 2250 | / | 750 |
| Tomb of Relics | 3 | 390 | / | 90 |
| Necropolis | 1 | 225 | / | 0 |
| Slaughterhouse | 1 | 140 | / | 135 |
| Temple of the Damned | 1 | 155 | / | 140 |
| Boneyard | 3 | 525 | / | 600 |
| Halls of the Dead | 1 | 320 | / | 210 |
| Black Citadel | 1 | 325 | / | 230 |
| total: | 27 | 4280g | / | 1815w |
| 0:04 | Acolyte |
| 0:04 | Acolyte |
| 0:10 | Crypt |
| 0:17 | Graveyard |
| 0:19 | Acolyte |
| 0:44 | Altar of Darkness |
| 1:00 | Ziggurat |
| 1:13 | Ghoul |
| 1:28 | Tomb of Relics |
| 1:30 | Tomb of Relics |
| 1:33 | Tomb of Relics |
| 1:55 | Crypt Fiend |
| 2:04 | Ziggurat |
| 2:26 | Crypt Fiend |
| 2:51 | Carrion Beetles |
| 2:54 | Rod of Necromancy |
| 2:55 | Ritual Dagger |
| 3:10 | Sacrificial Skull |
| 3:13 | Cannibalize |
| 3:16 | Ghoul |
| 3:16 | Acolyte |
| 3:51 | Halls of the Dead |
| 4:07 | Crypt Fiend |
| 4:31 | Impale |
| 4:34 | Crypt Fiend |
| 4:39 | Ziggurat |
| 5:06 | Ziggurat |
| 5:08 | Necropolis |
| 5:20 | Impale |
| 5:36 | Crypt Fiend |
| 7:00 | Nerubian Tower |
| 7:01 | Acolyte |
| 7:02 | Ziggurat |
| 7:05 | Ziggurat |
| 7:12 | Rod of Necromancy |
| 7:14 | Sacrificial Skull |
| 7:19 | Death Coil |
| 7:22 | Burrow |
| 7:52 | Crypt Fiend |
| 7:56 | Slaughterhouse |
| 7:58 | Creature Attack |
| 8:01 | Ghoul |
| 8:04 | Acolyte |
| 8:14 | Acolyte |
| 8:16 | Acolyte |
| 8:26 | Web |
| 8:35 | Carrion Beetles |
| 8:48 | Alleria's Flute of Accuracy |
| 9:05 | Black Citadel |
| 9:10 | Unholy Aura |
| 9:16 | Obsidian Statue |
| 9:17 | Ghoul |
| 10:41 | Obsidian Statue |
| 10:42 | Improved Creature Attack |
| 10:43 | Temple of the Damned |
| 10:45 | Crypt Fiend |
| 10:50 | Spirit Tower |
| 10:51 | Spirit Tower |
| 10:53 | Ziggurat |
| 10:54 | Ziggurat |
| 11:24 | Obsidian Statue |
| 11:29 | Acolyte |
| 11:37 | Acolyte |
| 11:50 | Ziggurat |
| 11:51 | Ziggurat |
| 11:53 | Ziggurat |
| 11:55 | Ziggurat |
| 11:59 | Ziggurat |
| 12:01 | Ziggurat |
| 12:05 | Banshee |
| 12:23 | Destroyer Form |
| 12:38 | Orb of Corruption |
| 12:42 | Frost Nova |
| 12:44 | Death Coil |
| 13:12 | Impale |
| 13:20 | Banshee |
| 13:22 | Advanced Creature Attack |
| 13:22 | Creature Carapace |
| 13:28 | Spirit Tower |
| 13:38 | Spirit Tower |
| 14:25 | Acolyte |
| 14:28 | Banshee |
| 14:30 | Acolyte |
| 14:30 | Acolyte |
| 14:39 | Acolyte |
| 15:29 | Banshee |
| 15:33 | Acolyte |
| 15:36 | Ziggurat |
| 15:49 | Crypt Fiend |
| 15:56 | Banshee Adept Training |
| 16:03 | Spirit Tower |
| 16:18 | Crypt Fiend |
| 16:32 | Improved Creature Carapace |
| 17:15 | Boneyard |
| 17:15 | Boneyard |
| 17:17 | Boneyard |
| 17:21 | Spirit Tower |
| 18:05 | Obsidian Statue |
| 18:35 | Dark Ritual |
| Right click | 1758 |
| Select group | 1486 |
| Select | 522 |
| Build/train/purchase | 110 |
| Assign group | 75 |
| Use ability | 47 |
| Misc. action | 39 |
| Minimap ping | 10 |
| Esc | 6 |
| Remove unit | 2 |


| Lesser Clarity Potion | 6 | 420 |
| Staff of Preservation | 2 | 300 |
| Potion of Mana | 5 | 1000 |
| Orb of Venom | 1 | 325 |
| Potion of Healing | 5 | 750 |
| Scroll of Town Portal | 4 | 1400 |
| Boots of Speed | 1 | 250 |
| Circlet of Nobility | 1 | 175 |
| Orb of Corruption | 1 | 375 |
| total: | 26 | 4995g |
| Wisp | 13 | 780 | / | 0 |
| Archer | 4 | 520 | / | 40 |
| Dryad | 12 | 1740 | / | 720 |
| Mountain Giant | 8 | 2800 | / | 800 |
| Goblin Shredder | 1 | 375 | / | 100 |
| total: | 38 | 6215g | / | 1660w |
| Altar of Elders | 1 | 180 | / | 50 |
| Moon Well | 6 | 1080 | / | 240 |
| Ancient of War | 1 | 150 | / | 60 |
| Tree of Life | 3 | 1020 | / | 555 |
| Hunter's Hall | 1 | 210 | / | 100 |
| Ancient of Wonders | 1 | 90 | / | 30 |
| Ancient of Lore | 2 | 310 | / | 290 |
| Tree of Ages | 1 | 320 | / | 180 |
| Tree of Eternity | 1 | 330 | / | 200 |
| total: | 15 | 3040g | / | 1325w |
| 0:01 | Wisp |
| 0:02 | Wisp |
| 0:03 | Altar of Elders |
| 0:16 | Moon Well |
| 0:18 | Wisp |
| 0:38 | Ancient of War |
| 0:40 | Wisp |
| 0:46 | Wisp |
| 0:53 | Wisp |
| 0:57 | Wisp |
| 1:21 | Wisp |
| 1:38 | Archer |
| 1:42 | Moon Well |
| 1:48 | Wisp |
| 1:56 | Moon Well |
| 2:10 | Force of Nature |
| 2:44 | Wisp |
| 2:44 | Wisp |
| 3:09 | Entangling Roots |
| 3:18 | Tree of Ages |
| 3:58 | Tree of Life |
| 4:03 | Tree of Life |
| 4:25 | Archer |
| 4:25 | Archer |
| 4:33 | Force of Nature |
| 4:42 | Hunter's Hall |
| 4:48 | Archer |
| 5:08 | Goblin Shredder |
| 5:16 | Ancient of Wonders |
| 5:29 | Boots of Speed |
| 5:29 | Circlet of Nobility |
| 5:57 | Acid Bomb |
| 6:05 | Ancient of Lore |
| 6:30 | Wisp |
| 6:32 | Lesser Clarity Potion |
| 6:54 | Scroll of Town Portal |
| 7:11 | Staff of Preservation |
| 7:15 | Healing Spray |
| 7:22 | Ancient of Lore |
| 7:25 | Dryad |
| 7:53 | Tree of Eternity |
| 7:55 | Dryad |
| 7:56 | Dryad |
| 8:29 | Abolish Magic |
| 8:53 | Dryad |
| 8:53 | Dryad |
| 9:01 | Lesser Clarity Potion |
| 9:02 | Potion of Mana |
| 9:04 | Potion of Mana |
| 9:10 | Strength of the Wild |
| 9:10 | Reinforced Hides |
| 9:13 | Lesser Clarity Potion |
| 9:14 | Staff of Preservation |
| 9:22 | Moon Well |
| 9:23 | Moon Well |
| 9:24 | Moon Well |
| 10:05 | Dryad |
| 10:59 | Dryad |
| 11:00 | Dryad |
| 11:01 | Well Spring |
| 11:03 | Healing Spray |
| 11:05 | Lesser Clarity Potion |
| 11:06 | Scroll of Town Portal |
| 11:07 | Orb of Venom |
| 11:09 | Entangling Roots |
| 11:16 | Potion of Healing |
| 11:16 | Potion of Mana |
| 11:30 | Lesser Clarity Potion |
| 11:38 | Tree of Life |
| 11:47 | Hardened Skin |
| 11:47 | Resistant Skin |
| 12:09 | Improved Reinforced Hides |
| 12:18 | Mountain Giant |
| 12:21 | Mountain Giant |
| 13:20 | Dryad |
| 13:39 | Mountain Giant |
| 13:43 | Wisp |
| 14:20 | Improved Strength of the Wild |
| 14:45 | Mountain Giant |
| 15:40 | Lesser Clarity Potion |
| 15:43 | Scroll of Town Portal |
| 16:02 | Dryad |
| 16:19 | Mountain Giant |
| 16:59 | Dryad |
| 17:20 | Mountain Giant |
| 17:37 | Dryad |
| 18:03 | Mountain Giant |
| 18:54 | Acid Bomb |
| 19:03 | Entangling Roots |
| 19:30 | Potion of Healing |
| 19:30 | Potion of Mana |
| 19:44 | Mountain Giant |
| 19:56 | Potion of Healing |
| 19:57 | Potion of Healing |
| 20:11 | Orb of Corruption |
| 20:48 | Potion of Healing |
| 20:51 | Potion of Mana |
| 21:03 | Scroll of Town Portal |
| Right click | 1070 |
| Select group | 641 |
| Select | 614 |
| Build/train/purchase | 118 |
| Use ability | 118 |
| Assign group | 53 |
| Misc. action | 8 |
| Item give/drop | 6 |
| Esc | 4 |
| Minimap ping | 4 |
| Chat | 4 |
154 units @ 22.2k
/ 3k
74 buildings @ 11.9k
/ 4.5k


| Rod of Necromancy | 2 | 300 |
| Potion of Mana | 3 | 600 |
| Potion of Healing | 3 | 450 |
| Lesser Clarity Potion | 2 | 140 |
| Orb of Corruption | 1 | 375 |
| Scroll of Town Portal | 2 | 700 |
| Scroll of Healing | 3 | 750 |
| total: | 16 | 3315g |
| Acolyte | 6 | 450 | / | 0 |
| Ghoul | 2 | 240 | / | 0 |
| Crypt Fiend | 24 | 5160 | / | 960 |
| total: | 32 | 5850g | / | 960w |
| Spirit Tower | 2 | 290 | / | 80 |
| Nerubian Tower | 1 | 100 | / | 20 |
| Crypt | 4 | 800 | / | 200 |
| Graveyard | 1 | 215 | / | 0 |
| Altar of Darkness | 1 | 180 | / | 50 |
| Ziggurat | 6 | 900 | / | 300 |
| Tomb of Relics | 2 | 260 | / | 60 |
| Necropolis | 1 | 225 | / | 0 |
| Slaughterhouse | 1 | 140 | / | 135 |
| Halls of the Dead | 1 | 320 | / | 210 |
| Black Citadel | 1 | 325 | / | 230 |
| total: | 16 | 2720g | / | 745w |
| 0:04 | Acolyte |
| 0:04 | Acolyte |
| 0:07 | Crypt |
| 0:28 | Graveyard |
| 0:52 | Altar of Darkness |
| 1:04 | Ziggurat |
| 1:15 | Ghoul |
| 1:31 | Ghoul |
| 1:43 | Tomb of Relics |
| 1:57 | Ziggurat |
| 2:17 | Crypt Fiend |
| 2:40 | Crypt Fiend |
| 2:57 | Rod of Necromancy |
| 3:00 | Death Coil |
| 3:24 | Crypt Fiend |
| 3:26 | Acolyte |
| 3:52 | Crypt Fiend |
| 3:54 | Halls of the Dead |
| 4:28 | Unholy Aura |
| 4:34 | Crypt Fiend |
| 4:56 | Necropolis |
| 5:27 | Creature Attack |
| 5:54 | Ziggurat |
| 6:26 | Ziggurat |
| 6:31 | Death Coil |
| 6:46 | Burrow |
| 7:10 | Ziggurat |
| 7:11 | Acolyte |
| 7:11 | Acolyte |
| 7:13 | Crypt Fiend |
| 7:21 | Spirit Tower |
| 7:37 | Frost Nova |
| 7:39 | Scroll of Town Portal |
| 7:58 | Acolyte |
| 8:02 | Spirit Tower |
| 8:09 | Web |
| 8:12 | Rod of Necromancy |
| 8:54 | Crypt |
| 8:57 | Crypt |
| 9:01 | Crypt |
| 9:08 | Scroll of Healing |
| 9:15 | Ziggurat |
| 9:42 | Crypt Fiend |
| 10:42 | Crypt Fiend |
| 10:59 | Crypt Fiend |
| 11:08 | Dark Ritual |
| 11:18 | Black Citadel |
| 11:22 | Potion of Mana |
| 11:22 | Potion of Healing |
| 11:24 | Potion of Mana |
| 11:44 | Lesser Clarity Potion |
| 11:59 | Potion of Healing |
| 11:59 | Potion of Healing |
| 12:00 | Potion of Mana |
| 12:02 | Crypt Fiend |
| 12:04 | Nerubian Tower |
| 12:16 | Lesser Clarity Potion |
| 12:29 | Creature Carapace |
| 12:45 | Scroll of Healing |
| 12:55 | Tomb of Relics |
| 13:15 | Crypt Fiend |
| 13:49 | Crypt Fiend |
| 14:16 | Death Pact |
| 14:28 | Crypt Fiend |
| 14:37 | Scroll of Town Portal |
| 14:46 | Orb of Corruption |
| 15:04 | Improved Creature Attack |
| 15:40 | Crypt Fiend |
| 15:52 | Scroll of Healing |
| 16:07 | Slaughterhouse |
| 16:24 | Frost Nova |
| 17:10 | Crypt Fiend |
| 17:41 | Crypt Fiend |
| 18:39 | Crypt Fiend |
| 18:48 | Death Coil |
| 19:00 | Crypt Fiend |
| 19:07 | Dark Ritual |
| 19:31 | Crypt Fiend |
| 19:50 | Unholy Aura |
| 19:53 | Crypt Fiend |
| 20:19 | Crypt Fiend |
| 20:31 | Frost Nova |
| 20:40 | Crypt Fiend |
| 21:04 | Crypt Fiend |
| 21:08 | Improved Creature Carapace |
| 21:25 | Crypt Fiend |
| Right click | 1381 |
| Select group | 838 |
| Select | 399 |
| Misc. action | 154 |
| Build/train/purchase | 101 |
| Use ability | 54 |
| Assign group | 31 |
| Chat | 27 |
| Item give/drop | 5 |
| Remove unit | 3 |
| Minimap ping | 1 |

| Healing Salve | 1 | 100 |
| Scroll of Town Portal | 1 | 350 |
| total: | 2 | 450g |
| Peon | 8 | 600 | / | 0 |
| Grunt | 7 | 1400 | / | 0 |
| Raider | 18 | 3240 | / | 720 |
| Ice Troll Berserker | 1 | 245 | / | 30 |
| total: | 34 | 5485g | / | 750w |
| Watch Tower | 3 | 330 | / | 240 |
| Altar of Storms | 1 | 180 | / | 50 |
| Orc Burrow | 9 | 1440 | / | 360 |
| Barracks | 1 | 180 | / | 50 |
| War Mill | 1 | 205 | / | 0 |
| Voodoo Lounge | 1 | 130 | / | 30 |
| Beastiary | 2 | 290 | / | 280 |
| Stronghold | 1 | 315 | / | 190 |
| Fortress | 1 | 325 | / | 190 |
| total: | 18 | 2755g | / | 1010w |
| 0:07 | Altar of Storms |
| 0:12 | Orc Burrow |
| 0:14 | Peon |
| 0:15 | Peon |
| 0:42 | Peon |
| 1:01 | Peon |
| 1:02 | Peon |
| 1:12 | Orc Burrow |
| 1:34 | Barracks |
| 1:49 | War Mill |
| 1:56 | Peon |
| 2:15 | Orc Burrow |
| 2:21 | Endurance Aura |
| 2:37 | Voodoo Lounge |
| 2:53 | Orc Burrow |
| 2:59 | Peon |
| 2:59 | Peon |
| 3:16 | Grunt |
| 3:36 | Grunt |
| 3:50 | Watch Tower |
| 4:11 | Grunt |
| 4:50 | Steel Melee Weapons |
| 4:57 | Steel Armor |
| 5:08 | Watch Tower |
| 5:22 | Grunt |
| 5:24 | Grunt |
| 6:47 | Stronghold |
| 7:33 | Orc Burrow |
| 7:36 | Grunt |
| 7:37 | Grunt |
| 8:05 | War Stomp |
| 8:15 | Ice Troll Berserker |
| 9:19 | Beastiary |
| 9:24 | Beastiary |
| 10:44 | Fortress |
| 10:46 | Steel Ranged Weapons |
| 10:48 | Thorium Melee Weapons |
| 10:49 | Thorium Armor |
| 12:21 | Watch Tower |
| 12:25 | Ensnare |
| 12:26 | Raider |
| 12:27 | Raider |
| 12:28 | Raider |
| 12:29 | Raider |
| 12:30 | Raider |
| 13:00 | Scroll of Town Portal |
| 13:20 | Orc Burrow |
| 13:40 | Orc Burrow |
| 13:50 | Orc Burrow |
| 14:32 | Raider |
| 14:32 | Raider |
| 14:35 | Raider |
| 14:38 | Raider |
| 14:45 | Arcanite Melee Weapons |
| 15:45 | Healing Salve |
| 16:29 | Raider |
| 16:29 | Raider |
| 16:50 | Orc Burrow |
| 17:09 | Raider |
| 17:34 | Raider |
| 17:42 | Raider |
| 18:21 | Arcanite Armor |
| 19:09 | Raider |
| 19:38 | Raider |
| 20:02 | Raider |
| 20:14 | Raider |
| 20:37 | Reinforced Defenses |
| Right click | 383 |
| Select | 157 |
| Build/train/purchase | 66 |
| Chat | 9 |
| Use ability | 5 |
| Remove unit | 4 |
| Minimap ping | 4 |


| Healing Salve | 2 | 200 |
| Lesser Clarity Potion | 7 | 490 |
| Scroll of Town Portal | 4 | 1400 |
| total: | 13 | 2090g |
| Peon | 10 | 750 | / | 0 |
| Troll Headhunter | 11 | 1540 | / | 220 |
| Troll Berserker | 15 | 2100 | / | 300 |
| Shaman | 7 | 910 | / | 140 |
| Troll Witch Doctor | 3 | 435 | / | 75 |
| Goblin Shredder | 1 | 375 | / | 100 |
| total: | 47 | 6110g | / | 835w |
| Watch Tower | 10 | 1100 | / | 800 |
| Altar of Storms | 1 | 180 | / | 50 |
| Orc Burrow | 6 | 960 | / | 240 |
| War Mill | 1 | 205 | / | 0 |
| Barracks | 2 | 360 | / | 100 |
| Voodoo Lounge | 2 | 260 | / | 60 |
| Great Hall | 1 | 385 | / | 185 |
| Spirit Lodge | 2 | 300 | / | 300 |
| Stronghold | 1 | 315 | / | 190 |
| Fortress | 1 | 325 | / | 190 |
| total: | 25 | 3750g | / | 1735w |
| 0:02 | Peon |
| 0:04 | Altar of Storms |
| 0:06 | Orc Burrow |
| 0:08 | Peon |
| 0:26 | Peon |
| 0:44 | Peon |
| 0:51 | War Mill |
| 0:59 | Peon |
| 1:18 | Barracks |
| 1:31 | Voodoo Lounge |
| 1:46 | Orc Burrow |
| 1:54 | Peon |
| 2:02 | Peon |
| 2:06 | Feral Spirit |
| 2:19 | Troll Headhunter |
| 2:24 | Peon |
| 2:38 | Troll Headhunter |
| 2:52 | Peon |
| 3:04 | Troll Headhunter |
| 3:14 | Orc Burrow |
| 3:29 | Troll Headhunter |
| 3:56 | Chain Lighting |
| 4:17 | Great Hall |
| 4:44 | Stronghold |
| 5:08 | Goblin Shredder |
| 5:09 | Feral Spirit |
| 5:20 | Orc Burrow |
| 5:32 | Spiked Barricades |
| 5:34 | Healing Salve |
| 5:36 | Lesser Clarity Potion |
| 5:42 | Troll Headhunter |
| 5:55 | Watch Tower |
| 6:03 | Troll Headhunter |
| 6:48 | Troll Headhunter |
| 6:49 | Steel Ranged Weapons |
| 6:50 | Troll Headhunter |
| 7:00 | Voodoo Lounge |
| 7:03 | Peon |
| 7:06 | Watch Tower |
| 7:32 | Troll Regeneration |
| 7:34 | Troll Headhunter |
| 7:45 | Fortress |
| 8:02 | Spirit Lodge |
| 8:04 | Spirit Lodge |
| 8:15 | Lesser Clarity Potion |
| 8:15 | Healing Salve |
| 8:22 | Watch Tower |
| 8:25 | Reinforced Defenses |
| 8:27 | Chain Lighting |
| 8:33 | Lesser Clarity Potion |
| 8:39 | Hex |
| 8:41 | Troll Headhunter |
| 8:44 | Steel Armor |
| 8:53 | Watch Tower |
| 8:55 | Watch Tower |
| 8:59 | Watch Tower |
| 9:13 | Troll Headhunter |
| 9:25 | Orc Burrow |
| 9:49 | Improved Spiked Barricades |
| 9:51 | Shaman Adept Training |
| 9:51 | Witch Doctor Adept Training |
| 9:55 | Barracks |
| 10:09 | Berserker Upgrade |
| 10:13 | Orc Burrow |
| 10:57 | Troll Berserker |
| 10:59 | Shaman Master Training |
| 10:59 | Witch Doctor Master Training |
| 11:01 | Thorium Ranged Weapons |
| 11:02 | Shaman |
| 11:21 | Troll Berserker |
| 11:42 | Healing Wave |
| 12:03 | Troll Berserker |
| 12:07 | Shaman |
| 12:09 | Thorium Armor |
| 12:11 | Lesser Clarity Potion |
| 12:12 | Scroll of Town Portal |
| 12:21 | Watch Tower |
| 12:36 | Troll Witch Doctor |
| 12:36 | Troll Witch Doctor |
| 13:56 | Scroll of Town Portal |
| 13:57 | Lesser Clarity Potion |
| 14:02 | Shaman |
| 14:04 | Arcanite Ranged Weapons |
| 14:19 | Shaman |
| 14:20 | Arcanite Armor |
| 14:35 | Lesser Clarity Potion |
| 14:35 | Lesser Clarity Potion |
| 15:22 | Troll Berserker |
| 15:32 | Troll Berserker |
| 15:55 | Shaman |
| 16:00 | Scroll of Town Portal |
| 16:06 | Scroll of Town Portal |
| 16:37 | Shaman |
| 16:49 | Watch Tower |
| 16:52 | Watch Tower |
| 17:03 | Watch Tower |
| 17:26 | Troll Berserker |
| 17:48 | Shaman |
| 18:08 | Troll Berserker |
| 18:26 | Troll Berserker |
| 18:38 | Chain Lighting |
| 19:02 | Healing Wave |
| 19:23 | Troll Berserker |
| 20:18 | Troll Berserker |
| 20:22 | Troll Berserker |
| 20:40 | Troll Berserker |
| 20:40 | Troll Berserker |
| 20:56 | Earth Quake |
| 21:12 | Troll Berserker |
| 21:13 | Troll Berserker |
| 21:17 | Troll Witch Doctor |
| Select group | 669 |
| Select | 576 |
| Right click | 440 |
| Misc. action | 129 |
| Build/train/purchase | 126 |
| Use ability | 64 |
| Assign group | 47 |
| Item give/drop | 5 |
| Chat | 4 |
| Esc | 1 |
| Minimap ping | 1 |


| Potion of Healing | 5 | 750 |
| Staff of Preservation | 1 | 150 |
| Orb of Venom | 2 | 650 |
| Scroll of Town Portal | 3 | 1050 |
| Boots of Speed | 1 | 250 |
| Staff of Teleportation | 1 | 150 |
| Potion of Lesser Invulnerability | 1 | 150 |
| Potion of Invulnerability | 1 | 400 |
| total: | 15 | 3550g |
| Wisp | 15 | 900 | / | 0 |
| Archer | 16 | 2080 | / | 160 |
| Hippogryph | 5 | 800 | / | 100 |
| Druid of the Talon | 2 | 290 | / | 40 |
| Faerie Dragon | 2 | 310 | / | 50 |
| Goblin Shredder | 1 | 375 | / | 100 |
| total: | 41 | 4755g | / | 450w |
| Altar of Elders | 1 | 180 | / | 50 |
| Moon Well | 7 | 1260 | / | 280 |
| Ancient of War | 2 | 300 | / | 120 |
| Ancient of Wonders | 1 | 90 | / | 30 |
| Tree of Life | 1 | 340 | / | 185 |
| Hunter's Hall | 1 | 210 | / | 100 |
| Ancient of Wind | 2 | 300 | / | 280 |
| Tree of Ages | 1 | 320 | / | 180 |
| Tree of Eternity | 1 | 330 | / | 200 |
| total: | 15 | 2680g | / | 1045w |
| 0:04 | Wisp |
| 0:04 | Wisp |
| 0:04 | Wisp |
| 0:11 | Altar of Elders |
| 0:16 | Moon Well |
| 0:48 | Ancient of War |
| 0:51 | Wisp |
| 0:51 | Wisp |
| 1:20 | Wisp |
| 1:21 | Wisp |
| 1:32 | Wisp |
| 1:48 | Wisp |
| 1:54 | Archer |
| 2:00 | Moon Well |
| 2:09 | Ancient of Wonders |
| 2:13 | Mana Burn |
| 3:10 | Wisp |
| 3:26 | Moon Well |
| 3:41 | Tree of Ages |
| 3:48 | Evasion |
| 3:56 | Moon Well |
| 5:11 | Tree of Life |
| 5:30 | Goblin Shredder |
| 5:43 | Archer |
| 5:43 | Archer |
| 6:00 | Moon Well |
| 6:30 | Boots of Speed |
| 6:31 | Staff of Teleportation |
| 6:36 | Improved Bows |
| 6:37 | Archer |
| 6:43 | Mana Burn |
| 6:47 | Ancient of Wind |
| 6:50 | Ancient of Wind |
| 7:13 | Archer |
| 7:16 | Wisp |
| 7:16 | Wisp |
| 7:16 | Wisp |
| 8:00 | Hippogryph |
| 8:11 | Wisp |
| 8:13 | Archer |
| 8:26 | Hunter's Hall |
| 8:33 | Scroll of Town Portal |
| 8:37 | Potion of Healing |
| 8:37 | Potion of Healing |
| 8:53 | Staff of Preservation |
| 8:53 | Potion of Healing |
| 9:00 | Potion of Lesser Invulnerability |
| 9:08 | Hippogryph |
| 9:12 | Trueshot Aura |
| 9:26 | Hippogryph |
| 9:30 | Strength of the Moon |
| 9:30 | Improved Strength of the Moon |
| 10:33 | Archer |
| 10:33 | Archer |
| 10:38 | Ancient of War |
| 11:29 | Druid of the Talon |
| 11:30 | Hippogryph |
| 11:56 | Advanced Strength of the Moon |
| 11:57 | Moon Armor |
| 12:01 | Wisp |
| 12:03 | Archer |
| 12:03 | Archer |
| 12:12 | Tree of Eternity |
| 12:16 | Moon Well |
| 12:22 | Archer |
| 12:30 | Moon Well |
| 12:37 | Archer |
| 13:36 | Archer |
| 14:34 | Scroll of Town Portal |
| 14:35 | Orb of Venom |
| 14:35 | Potion of Healing |
| 14:44 | Faerie Dragon |
| 14:45 | Druid of the Talon |
| 14:57 | Marksmanship |
| 14:58 | Archer |
| 15:38 | Searing Arrows |
| 15:56 | Evasion |
| 16:06 | Potion of Invulnerability |
| 16:32 | Scroll of Town Portal |
| 17:24 | Faerie Dragon |
| 17:27 | Archer |
| 19:02 | Trueshot Aura |
| 19:53 | Mana Burn |
| 20:02 | Hippogryph |
| 20:05 | Archer |
| 20:23 | Orb of Venom |
| 20:23 | Potion of Healing |
| Right click | 955 |
| Select group | 696 |
| Select | 483 |
| Misc. action | 207 |
| Build/train/purchase | 96 |
| Use ability | 36 |
| Assign group | 13 |
| Item give/drop | 4 |
⇛